 Dungeon Sprint DCSS version 0.26-a0-708-g17f3b190f9 (webtiles) character file.

Game seed: 2899401074841963619

551319 mhtbhm the Draconian Barricade (level 22, -4/256 HPs)
             Began as a Grey Draconian Berserker on Oct 29, 2020.
             Was the Champion of Trog.
             Killed from afar by Asmodeus (30 damage)
             ... with damnation
             ... in the Dungeon (Sprint IX: "|||||||||||||||||||||||||||||").
             The game lasted 00:34:58 (13568 turns).

mhtbhm the Draconian Barricade (DrBe)              Turns: 13568, Time: 00:35:00

Health: -4/256     AC: 24    Str: 27    XL:     22   Next: 8%
Magic:  38/38      EV: 30    Int:  7    God:    Trog [******]
Gold:   119        SH: 35    Dex: 13    Spells: 46/46 levels left

rFire    + + +     SeeInvis +   r - +9 demon whip of Focus {flame, +Fly rF+ rC+ rN+}
rCold    + . .     Faith    +   n - +8 tower shield
rNeg     + + .     Spirit   .   (armour unavailable)
rPois    +         Reflect  .   (helmet restricted)
rElec    .         Harm     .   A - +1 cloak
rCorr    +         Rampage  .   m - +2 pair of gloves {Str+3}
MR       ++...     NoTele   +   d - +2 pair of boots {run}
Stlth    +++++++++.             B - amulet of Icia {Faith rF+}
HPRegen  0.52/turn              I - ring of Wariness {rPois rF++ rCorr Int-2 SInv}
MPRegen  0.26/turn              K - ring of the Rabble {rN+ MR+}

@: berserk cooldown, hasted and slowed, quick
A: walk through water, unfitting armour, hooves 1, robust 1, weak 1, wild magic
1, unbreathing, cold-blooded, AC +16
}: 9/17 runes: decaying, serpentine, barnacled, slimy, elven, silver, golden,
abyssal, gossamer
a: Berserk, Trog's Hand, Brothers in Arms, Renounce Religion, Evoke Flight


You were in the Dungeon.
You worshipped Trog.
Trog was exalted by your worship.
You visited 1 branch You collected 1889 gold pieces.
You spent 1770 gold pieces at shops.

Inventory:

Hand Weapons
 a - the +10 morningstar "Eos" {elec, Halo rElec}
   (You bought it in a shop in the Dungeon)

   Occasionally, upon striking a foe, it will discharge some electrical energy
   and cause terrible harm.
   It insulates you from electricity.
 r - the +9 demon whip of Focus (weapon) {flame, +Fly rF+ rC+ rN+}
   (Trog gifted it to you in the Dungeon)

   It has been specially enchanted to burn those struck by it, causing extra
   injury to most foes and up to half again as much damage against particularly
   susceptible opponents.
   It protects you from fire.
   It protects you from cold.
   It protects you from negative energy.
   It lets you fly.
 s - the +7 arbalest of Upheaval {venom, +Inv Str+4}
   (You found it in the Dungeon)

   It poisons the ammo it fires.
   It affects your strength (+4).
   It lets you turn invisible.
 t - the +7 great mace "Undeadhunter" {disrupt, rN+}
   (Trog gifted it to you in the Dungeon)

   It protects you from negative energy.
 E - the +8 whip "Snakebite" {curare, rPois}
   (Trog gifted it to you in the Dungeon)

   It poisons the flesh of those it strikes.
   It protects you from poison.
 F - a +8 morningstar of flaming
 M - the +5 demon whip "Cutwy" {flame, Fragile Dex+10}
   (You found it in the Dungeon)

   It has been specially enchanted to burn those struck by it, causing extra
   injury to most foes and up to half again as much damage against particularly
   susceptible opponents.
   It affects your dexterity (+10).
   It will be destroyed if unequipped.
Missiles
 x - 5 curare-tipped darts
 C - 33 silver javelins (quivered)
 D - 23 javelins
Armour
 d - a +2 pair of boots of running (worn)
 m - a +2 pair of gloves of strength (worn)
 n - a +8 tower shield (worn)
 A - a +1 cloak (worn)
Jewellery
 B - the amulet of Icia (around neck) {Faith rF+}
   (You found it in the Dungeon)

   [amulet of faith]

   It allows you to gain divine favour quickly.
   It protects you from fire.
 I - the ring of Wariness (left hand) {rPois rF++ rCorr Int-2 SInv}
   (You found it in the Dungeon)

   [ring of resist corrosion]

   It affects your intelligence (-2).
   It greatly protects you from fire.
   It protects you from poison.
   It lets you see invisible.
   It provides partial protection from all sources of acid and corrosion.
 J - the amulet of the Sunfish {Spirit rPois Str+4 SInv}
   (You found it in the Dungeon)

   [amulet of guardian spirit]

   It causes incoming damage to be split between your health and magic.
   It affects your strength (+4).
   It protects you from poison.
   It lets you see invisible.
 K - the ring of the Rabble (right hand) {rN+ MR+}
   (You found it in the Dungeon)

   [ring of positive energy]

   It protects you from negative energy.
   It affects your resistance to hostile enchantments.
Wands
 j - a wand of acid (9)
 w - a wand of flame (21)
Scrolls
 g - 2 scrolls of blinking
 i - 6 scrolls of remove curse
 k - 4 scrolls of fear
 p - 3 scrolls of identify
 q - 4 scrolls of fog
 z - 2 scrolls of enchant weapon
Potions
 b - 6 potions of curing
 c - 2 potions of heal wounds
 e - 9 potions of magic
 f - 6 potions of berserk rage
 h - a potion of invisibility
 l - 2 potions of mutation
 o - a potion of might
 N - 3 potions of stabbing
 O - 2 potions of haste
Miscellaneous
 u - a condenser vane (1/2)
 v - a box of beasts (3/3)
 y - the horn of Geryon


   Skills:
 O Level 27 Fighting
 O Level 27 Maces & Flails
 * Level 24.9 Crossbows
 O Level 27 Throwing
 O Level 27 Dodging
 * Level 24.3 Stealth
 O Level 27 Shields
 * Level 26.3 Unarmed Combat
 - Level 12.7 Spellcasting
 O Level 27 Evocations


You had 46 spell levels left.
You didn't know any spells.
Your spell library was empty.

Dungeon Overview and Level Annotations

Branches:
Dungeon (1/1)

Altars:
Cheibriados
Dithmenos
Elyvilon
Fedhas
Gozag
Hepliaklqana
Kikubaaqudgha
Makhleb
Nemelex Xobeh
Okawaru
Qazlal
Ru
Sif Muna
Trog
Uskayaw
Vehumet
Wu Jian
Xom
Yredelemnul
Zin
The Shining One
Beogh
Jiyva
Lugonu

Shops:
D *}((

Annotations:
D Asmodeus, Cerebov


Innate Abilities, Weirdness & Mutations

You can walk through water.
Your dull iron-grey scales are very hard. (AC +16)
You cannot fit into any form of body armour.
You can survive without breathing.
You are cold-blooded and may be slowed by cold attacks.
You have large cloven feet.
You are robust. (+10% HP)
You are weak. (Str -2)
Your spells are a little harder to cast, but a little more powerful.


Message History

The silver javelin pierces through the Ice Fiend!!!
You kill the Ice Fiend!
The silver javelin pierces through Cerebov!!!
Cerebov is lightly wounded.
Asmodeus gestures at you. The bolt of fire hits you. You resist.
* * * LOW HITPOINT WARNING * * *
Throwing (i - inventory. (/) - cycle)
C - 34 silver javelins (quivered)
Press: ? - help, Shift-Dir - straight line, f/p - Asmodeus
Aim: Asmodeus, wielding the +7 sceptre of Asmodeus (thunder, almost dead, surrounded by flames)
You throw a silver javelin.
The silver javelin pierces through Asmodeus but does no damage.
Asmodeus is almost dead.
The silver javelin pierces through Cerebov but does no damage.
Cerebov is lightly wounded.
The silver javelin barely misses the Tzitzimitl.
Asmodeus is struck by lightning.
Asmodeus gestures at you.
The sphere of damnation explodes!
The damnation engulfs you!!
You die...

▓▓▓▓▓▓▓▓▓▓▓▓▓▓▓▓▓▓▓▓▓▓▓▓▓▓▓▓▓▓▓▓▓
.....................§..1..2&1°'φ
▓▓▓▓▓▓▓▓▓▓▓▓▓▓▓▓▓▓▓▓▓▓▓▓▓▓▓▓▓▓▓▓▓
....1&v1.1&§§&○.@................
▓▓▓▓▓▓▓▓▓▓▓▓▓▓▓▓▓▓▓▓▓▓▓▓▓▓▓▓▓▓▓▓▓
....).....)...)'..)......).......
▓▓▓▓▓▓▓▓▓▓▓▓▓▓▓▓▓▓▓▓▓▓▓▓▓▓▓▓▓▓▓▓▓
.................................
▓♣♣♣♣♣♣♣♣♣♣♣♣▓▓▓▓▓▓▓▓▓▓▓▓▓▓▓▓▓▓▓▓
))))).......))).)).).......)....)
▓♣♣♣♣♣♣♣♣♣♣♣♣▓▓▓▓▓▓▓▓▓▓▓▓▓▓▓▓▓▓▓▓
.................................


You could see Cerebov, Asmodeus (clouds) and a Tzitzimitl (summoned).

Vanquished Creatures
  the Royal Jelly (D)
  Ereshkigal (D)
  Mnoleg (D)
  Lom Lobon (D)
  7 ancient liches (D)
  4 orbs of fire (D)
  Boris (D)
  A Killer Klown (D)
  5 greater mummies (D)
  Saint Roka (D)
  Margery (D)
  Frederick (D)
  2 golden dragons (D)
  Geryon (D)
  Rupert (D)
  6 electric golems (D)
  6 tentacled monstrosities (D)
  29 Orb Guardians (D)
  3 liches (D)
  5 deep elf blademasters (D)
  A quicksilver dragon (D)
  A deep elf master archer (D)
  14 acid blobs (D)
  A tentacled starspawn (D)
  13 sphinxes (D)
  6 death cobs (D)
  Gastronok (D)
  7 shadow dragons (D)
  A tengu reaver (D)
  Ilsuiw (D)
  2 draconian monks (D)
  3 nagarajas (D)
  2 storm dragons (D)
  2 frost giants (D)
  6 azure jellies (D)
  A fire giant (D)
  A draconian knight (D)
  2 ghost moths (D)
  A draconian scorcher (D)
  Louise (D)
  8 emperor scorpions (D)
  A deep elf sorcerer (D)
  4 stone giants (D)
  A draconian stormcaller (D)
  2 ironheart preservers (D)
  A war gargoyle (D)
  6 vampire knights (D)
  2 very ugly things (D)
  2 deep elf annihilators (D)
  An entropy weaver (D)
  2 green draconians (D)
  A deep elf demonologist (D)
  4 black draconians (D)
  5 white draconians (D)
  3 red draconians (D)
  3 yellow draconians (D)
  A purple draconian (D)
  A spark wasp (D)
  2 ettins (D)
  5 merfolk javelineers (D)
  3 deep elf death magi (D)
  9 death oozes (D)
  6 merfolk impalers (D)
  3 fire dragons (D)
  A deep elf high priest (D)
  6 mummy priests (D)
  3 great orbs of eyes (D)
  3 yaktaur captains (D)
  3 naga warriors (D)
  25 vault guards (D)
  4 ice dragons (D)
  2 spriggan air magi (D)
  5 hydras (D)
  A ghost crab (D)
  Erolcha (D)
  2 boulder beetles (D)
  A merfolk avatar (D)
  An anaconda (D)
  An alligator (D)
  2 ogre magi (D)
  3 centaur warriors (D)
  A two-headed ogre (D)
  3 merfolk aquamancers (D)
  A deep troll shaman (D)
  A tengu warrior (D)
  2 thrashing horrors (D)
  A deep troll earth mage (D)
  Nergalle (D)
  Sonja (D)
  6 orc high priests (D)
  6 hell knights (D)
  2 deep elf knights (D)
  2 sea snakes (D)
  2 sixfirhies (D)
  4 glowing orange brains (D)
  A wizard (D)
  2 starcursed masses (D)
  A deep elf archer (D)
  6 swamp dragons (D)
  A naga ritualist (D)
  3 ironbrand convokers (D)
  A mana viper (D)
  3 orc knights (D)
  2 necromancers (D)
  An orb spider (D)
  2 manticores (D)
  A cyclops (shapeshifter) (D)
  4 wolf spiders (D)
  An orb spider (shapeshifter) (D)
  6 moths of wrath (D)
  3 orc sorcerers (D)
  An elephant (D)
  A merfolk siren (D)
  4 black mambas (D)
  3 vault sentinels (D)
  3 guardian serpents (D)
  5 naga magi (D)
  A cane toad (D)
  A komodo dragon (shapeshifter) (D)
  A kobold demonologist (D)
  3 komodo dragons (D)
  3 yaktaurs (D)
  2 demonic crawlers (D)
  An ancient zyme (D)
  17 guardian mummies (D)
  A wind drake (shapeshifter) (D)
  2 jumping spiders (D)
  A polar bear (D)
  A wandering mushroom (D)
  2 bog bodies (D)
  A hornet (D)
  5 slime creatures (D)
  A snapping turtle (D)
  11 spriggans (D)
  A redback (shapeshifter) (D)
  4 redbacks (D)
  A water elemental (D)
  A yak (D)
  A tarantella (D)
  A wyvern (D)
  3 basilisks (D)
  A hog (shapeshifter) (D)
  A vampire mosquito (D)
  2 wargs (D)
  3 nagas (D)
  A soldier ant (D)
  3 acid dragons (D)
  A small abomination (D)
  A hell hound (D)
  3 water moccasins (D)
  A floating eye (D)
  11 orc warriors (D)
  A large abomination (D)
  3 swamp drakes (D)
  5 wolves (D)
  A big kobold (D)
  4 bullfrogs (D)
  A quasit (D)
  5 orc wizards (D)
  9 orc priests (D)
  2 white imps (D)
  An adder zombie (D)
  2 adder skeletons (D)
  A dart slug (D)
  12 orcs (D)
  A bat (D)
  3 bat zombies (D)
  A giant cockroach (D)
  2 hobgoblins (D)
  A quokka (D)
  2 quokka skeletons (D)
  A fire vortex (D)
525 creatures vanquished.

Vanquished Creatures (collateral kills)
  An Orb Guardian (D)
1 creature vanquished.

Vanquished Creatures (others)
  A swamp dragon (D)
  An insubstantial wisp (D)
  2 ball lightnings (D)
4 creatures vanquished.

Grand Total: 530 creatures vanquished

Notes
Turn   | Place    | Note
-------+----------+-------------------------------------------
     0 | D        | mhtbhm the Draconian Berserker began the quest for the Orb.
     0 | D        | Reached XP level 1. HP: 19/19 MP: 1/1
    10 | D        | Reached ** piety under Trog
    15 | D        | Reached XP level 2. HP: 27/27 MP: 2/2
   126 | D        | Reached *** piety under Trog
   136 | D        | Found a roughly hewn altar of Beogh.
   136 | D        | Found a snail-covered altar of Cheibriados.
   136 | D        | Found a shadowy altar of Dithmenos.
   136 | D        | Found a white marble altar of Elyvilon.
   136 | D        | Found a blossoming altar of Fedhas.
   136 | D        | Found an opulent altar of Gozag.
   137 | D        | Found a hazy altar of Hepliaklqana.
   138 | D        | Found a viscous altar of Jiyva.
   139 | D        | Found an ancient bone altar of Kikubaaqudgha.
   140 | D        | Found a corrupted altar of Lugonu.
   141 | D        | Found a burning altar of Makhleb.
   142 | D        | Found a sparkling altar of Nemelex Xobeh.
   143 | D        | Found an iron altar of Okawaru.
   144 | D        | Found a stormy altar of Qazlal.
   145 | D        | Found a sacrificial altar of Ru.
   146 | D        | Found a shimmering blue altar of Sif Muna.
   147 | D        | Found a bloodstained altar of Trog.
   148 | D        | Found a hide-covered altar of Uskayaw.
   149 | D        | Found a radiant altar of Vehumet.
   150 | D        | Found an ornate altar of the Wu Jian Council.
   151 | D        | Found a shimmering altar of Xom.
   152 | D        | Found a basalt altar of Yredelemnul.
   153 | D        | Found a glowing silver altar of Zin.
   154 | D        | Found a glowing golden altar of the Shining One.
   197 | D        | Noticed a hornet
   197 | D        | Noticed a big kobold
   200 | D        | Reached **** piety under Trog
   206 | D        | Reached skill level 5 in Fighting
   206 | D        | Reached skill level 5 in Maces & Flails
   206 | D        | Reached XP level 3. HP: 37/37 MP: 3/3
   211 | D        | Killed a hornet
   211 | D        | Reached XP level 4. HP: 49/49 MP: 4/4
   211 | D        | Reached XP level 5. HP: 55/55 MP: 5/5
   214 | D        | Reached XP level 6. HP: 62/62 MP: 6/6
   216 | D        | Reached ***** piety under Trog
   216 | D        | Reached skill level 1 in Stealth
   240 | D        | Noticed a two-headed ogre
   240 | D        | Noticed a centaur warrior
   240 | D        | Noticed a soldier ant
   240 | D        | Noticed an orc warrior
   245 | D        | Killed a two-headed ogre
   245 | D        | Received a gift from Trog
   245 | D        | Your scales start taking on a dull iron-grey colour.
   245 | D        | Reached XP level 7. HP: 74/74 MP: 7/7
   245 | D        | Gained mutation: You can survive without breathing. [Grey
                  | Draconian growth]
   245 | D        | Reached XP level 8. HP: 82/82 MP: 8/8
   249 | D        | Killed a centaur warrior
   249 | D        | Reached skill level 1 in Evocations
   403 | D        | Got the +7 arbalest of Upheaval {venom, +Inv Str+4}
   410 | D        | Noticed a komodo dragon
   410 | D        | Noticed a black mamba
   410 | D        | Noticed a black mamba
   411 | D        | Noticed a cane toad
   414 | D        | Killed a komodo dragon
   414 | D        | Reached XP level 9. HP: 92/92 MP: 9/9
   416 | D        | Killed a black mamba
   417 | D        | Noticed a seven-headed hydra
   425 | D        | Killed a black mamba
   425 | D        | Reached skill level 10 in Dodging
   432 | D        | Killed a seven-headed hydra
   432 | D        | Reached ****** piety under Trog
   432 | D        | Reached skill level 15 in Maces & Flails
   437 | D        | Killed a cane toad
   437 | D        | Received a gift from Trog
   437 | D        | Reached XP level 10. HP: 102/102 MP: 10/10
   493 | D        | Noticed an elephant
   508 | D        | Killed an elephant
   512 | D        | Received a gift from Trog
   600 | D        | Received a gift from Trog
   600 | D        | Reached skill level 15 in Fighting
   604 | D        | Got a warped dire flail {god gift}
   605 | D        | Identified the +2 dire flail of the Eternal Void {vorpal,
                  | rPois Str+3 Dex+2} (Trog gifted it to you in the Dungeon)
   819 | D        | Received a gift from Trog
   938 | D        | Noticed an orc sorcerer
   940 | D        | Killed an orc sorcerer
   943 | D        | Received a gift from Trog
   969 | D        | Reached XP level 11. HP: 106/112 MP: 11/11
   972 | D        | Received a gift from Trog
  1017 | D        | Found Foyjiofiss's General Store.
  1017 | D        | Noticed an orc high priest
  1017 | D        | Noticed an orc high priest
  1023 | D        | Killed an orc high priest
  1025 | D        | Noticed an orc high priest
  1032 | D        | Killed an orc high priest
  1034 | D        | Noticed a soul eater
  1034 | D        | Noticed a sixfirhy
  1035 | D        | Received a gift from Trog
  1036 | D        | Noticed an orc high priest
  1039 | D        | Found Bopyaheh's Gadget Shoppe.
  1042 | D        | Noticed a sun demon
  1049 | D        | Killed an orc high priest
  1070 | D        | Killed an orc high priest
  1367 | D        | Found Riun's Weapon Emporium.
  1371 | D        | Found Linleff's Antique Weapon Shoppe.
  1374 | D        | Noticed an orc high priest
  1376 | D        | Noticed an orc high priest
  1384 | D        | Killed an orc high priest
  1385 | D        | Received a gift from Trog
  1389 | D        | Killed an orc high priest
  1406 | D        | Bought the +10 morningstar "Eos" {elec, Halo rElec} for 962
                  | gold pieces
  1406 | D        | Found the +10 morningstar "Eos" {elec, Halo rElec}
  1409 | D        | Bought a condenser vane (2/2) for 220 gold pieces
  1409 | D        | Bought a wand of acid (8) for 264 gold pieces
  1412 | D        | Bought 2 potions of might for 104 gold pieces
  1428 | D        | Bought a box of beasts (3/3) for 220 gold pieces
  1480 | D        | Noticed Erolcha
  1486 | D        | Killed Erolcha
  1500 | D        | Noticed Gastronok
  1501 | D        | Noticed Sonja
  1502 | D        | Killed Sonja
  1515 | D        | Killed Gastronok
  1515 | D        | Received a gift from Trog
  1950 | D        | Noticed a boulder beetle
  1956 | D        | Killed a boulder beetle
  1960 | D        | Noticed a deep troll shaman
  1962 | D        | Reached XP level 12. HP: 125/125 MP: 12/12
  1963 | D        | Received a gift from Trog
  1967 | D        | Noticed an ice dragon
  1969 | D        | Noticed an ogre mage
  1970 | D        | Killed a deep troll shaman
  1970 | D        | Reached skill level 1 in Shields
  1975 | D        | Killed an ice dragon
  1997 | D        | Killed an ogre mage
  1997 | D        | Received a gift from Trog
  1999 | D        | Noticed a centaur warrior
  2000 | D        | Noticed a centaur warrior
  2002 | D        | Noticed a great orb of eyes
  2003 | D        | Noticed a tengu reaver
  2006 | D        | Killed a centaur warrior
  2006 | D        | Killed a centaur warrior
  2012 | D        | Killed a great orb of eyes
  2020 | D        | Killed a tengu reaver
  2450 | D        | Received a gift from Trog
  2452 | D        | Reached skill level 5 in Evocations
  2460 | D        | Reached skill level 5 in Shields
  2469 | D        | Received a gift from Trog
  2469 | D        | Reached skill level 1 in Throwing
  2520 | D        | Noticed an alligator
  2520 | D        | Noticed a ghost crab
  2526 | D        | Killed an alligator
  2531 | D        | Received a gift from Trog
  2537 | D        | Killed a ghost crab
  2769 | D        | Noticed a merfolk aquamancer
  2769 | D        | Noticed a merfolk avatar
  2769 | D        | Noticed a merfolk impaler
  2773 | D        | Killed a merfolk aquamancer
  2773 | D        | Received a gift from Trog
  2773 | D        | Reached XP level 13. HP: 105/137 MP: 13/13
  2774 | D        | Killed a merfolk impaler
  2787 | D        | Received a gift from Trog
  2787 | D        | Reached skill level 10 in Shields
  2840 | D        | Received a gift from Trog
  3171 | D        | Noticed Rupert
  3184 | D        | Killed Rupert
  3184 | D        | Reached skill level 15 in Dodging
  3248 | D        | Noticed an ettin
  3248 | D        | Noticed a fire dragon
  3248 | D        | Noticed an ettin
  3248 | D        | Noticed a red very ugly thing
  3248 | D        | Noticed a frost giant
  3251 | D        | Killed an ettin
  3252 | D        | Noticed a spark wasp
  3254 | D        | Killed a fire dragon
  3254 | D        | Received a gift from Trog
  3258 | D        | Killed a red very ugly thing
  3260 | D        | Killed a spark wasp
  3261 | D        | Killed an ettin
  3263 | D        | Killed a frost giant
  3296 | D        | Noticed a frost giant
  3297 | D        | Noticed a stone giant
  3308 | D        | Received a gift from Trog
  3309 | D        | Paralysed by a wizard for 3 turns
  3315 | D        | Killed a frost giant
  3319 | D        | Killed a stone giant
  3319 | D        | Reached skill level 15 in Shields
  3319 | D        | Reached XP level 14. HP: 132/149 MP: 14/14
  3321 | D        | Received a gift from Trog
  3334 | D        | Noticed a fire giant
  3341 | D        | Killed a fire giant
  3341 | D        | Received a gift from Trog
  3727 | D        | Received a gift from Trog
  3730 | D        | Noticed an ironheart preserver
  3740 | D        | Killed an ironheart preserver
  3740 | D        | Received a gift from Trog
  3749 | D        | Noticed a stone giant
  3760 | D        | Killed a stone giant
  3760 | D        | Noticed an entropy weaver
  3765 | D        | Noticed an Orb Guardian
  3765 | D        | Noticed an Orb Guardian
  3765 | D        | Noticed a death cob
  3765 | D        | HP: 2/151 [Orb Guardian (42)]
  3766 | D        | Killed an entropy weaver
  3767 | D        | Received a gift from Trog
  3821 | D        | Killed an Orb Guardian
  3821 | D        | Reached skill level 5 in Throwing
  3829 | D        | Killed an Orb Guardian
  3836 | D        | Killed a death cob
  4122 | D        | Noticed a stone giant
  4131 | D        | Killed a stone giant
  4267 | D        | Noticed a sphinx
  4273 | D        | Killed a sphinx
  4273 | D        | Received a gift from Trog
  4354 | D        | Noticed Frederick
  4375 | D        | Killed Frederick
  4664 | D        | Identified a +0 pair of boots of running (You found it in
                  | the Dungeon)
  4789 | D        | Noticed an emperor scorpion
  4789 | D        | Noticed an emperor scorpion
  4789 | D        | Noticed an emperor scorpion
  4804 | D        | Received a gift from Trog
  4805 | D        | Killed an emperor scorpion
  4817 | D        | Killed an emperor scorpion
  4819 | D        | Noticed a ghost moth
  4825 | D        | Killed a ghost moth
  4825 | D        | Reached XP level 15. HP: 81/162 MP: 0/15
  5299 | D        | Received a gift from Trog
  5411 | D        | Got a gossamer rune of Zot
  5437 | D        | Received a gift from Trog
  5457 | D        | Received a gift from Trog
  5463 | D        | Got a decaying rune of Zot
  5492 | D        | Noticed Ilsuiw
  5499 | D        | Received a gift from Trog
  5518 | D        | Killed Ilsuiw
  5533 | D        | Received a gift from Trog
  5557 | D        | Got a barnacled rune of Zot
  5877 | D        | Noticed a nagaraja
  5878 | D        | Noticed a nagaraja
  5886 | D        | Killed a nagaraja
  5886 | D        | Received a gift from Trog
  5889 | D        | Received a gift from Trog
  5889 | D        | Killed a nagaraja
  5889 | D        | Noticed a nagaraja
  5896 | D        | Killed a nagaraja
  5911 | D        | Received a gift from Trog
  5921 | D        | Received a gift from Trog
  5936 | D        | Got a serpentine rune of Zot
  6001 | D        | Noticed Margery
  6018 | D        | Killed Margery
  6018 | D        | Reached XP level 16. HP: 104/176 MP: 16/16
  6020 | D        | Received a gift from Trog
  6029 | D        | Received a gift from Trog
  6511 | D        | Received a gift from Trog
  6515 | D        | Reached skill level 10 in Evocations
  6556 | D        | Received a gift from Trog
  6598 | D        | Received a gift from Trog
  6655 | D        | Noticed a golden dragon
  6660 | D        | Received a gift from Trog
  6667 | D        | Killed a golden dragon
  6668 | D        | Reached skill level 27 in Shields
  6669 | D        | Noticed a shadow dragon
  6671 | D        | Received a gift from Trog
  6712 | D        | Noticed a shadow dragon
  6720 | D        | Killed a shadow dragon
  6720 | D        | Reached skill level 10 in Throwing
  6730 | D        | Killed a shadow dragon
  6740 | D        | Received a gift from Trog
  6943 | D        | Noticed a shadow dragon
  6943 | D        | Noticed a shadow dragon
  6943 | D        | Noticed a lich
  6943 | D        | Noticed a shadow dragon
  6946 | D        | Noticed a shadow dragon
  6948 | D        | Noticed an ancient lich
  6950 | D        | Killed a lich
  6950 | D        | Received a gift from Trog
  6951 | D        | Killed a shadow dragon
  6952 | D        | Killed a shadow dragon
  6953 | D        | Noticed a shadow dragon
  6954 | D        | Killed an ancient lich
  6954 | D        | Reached skill level 27 in Fighting
  6954 | D        | Reached XP level 17. HP: 153/191 MP: 17/17
  6955 | D        | Received a gift from Trog
  7056 | D        | Identified Tyseam's Collected Works on Ignition and Evil
                  | Magic
  7072 | D        | Got a silver rune of Zot
  7105 | D        | Noticed Nergalle
  7111 | D        | Killed Nergalle
  7111 | D        | Received a gift from Trog
  7114 | D        | Got a transparent morningstar {god gift}
  7115 | D        | Identified the +1 morningstar "Omaibresm" {flame, MR++
                  | Dex+4} (Trog gifted it to you in the Dungeon)
  7124 | D        | Noticed Saint Roka
  7138 | D        | Killed Saint Roka
  7138 | D        | Reached skill level 15 in Throwing
  7330 | D        | Got the amulet of Icia {Faith rF+}
  7332 | D        | Got the ring of Wariness {rPois rF++ rCorr Int-2 SInv}
  7334 | D        | Got the amulet of the Sunfish {Spirit rPois Str+4 SInv}
  7336 | D        | Got the ring of the Rabble {rN+ MR+}
  7338 | D        | Got the amulet of Vanity {Faith rElec Dex+7 SInv}
  7347 | D        | Got the +5 demon whip "Cutwy" {flame, Fragile Dex+10}
  7426 | D        | Identified a scroll of acquirement
  7428 | D        | Acquired a +1 pair of gloves of strength
  7470 | D        | Noticed Boris
  7483 | D        | Killed Boris
  7483 | D        | Received a gift from Trog
  7507 | D        | Noticed Louise
  7538 | D        | Killed Louise
  7577 | D        | Received a gift from Trog
  7588 | D        | Received a gift from Trog
  7794 | D        | Received a gift from Trog
  7818 | D        | Received a gift from Trog
  8007 | D        | Noticed a tentacled monstrosity
  8011 | D        | Killed a tentacled monstrosity
  8014 | D        | Received a gift from Trog
  8148 | D        | Noticed a tentacled monstrosity
  8153 | D        | Killed a tentacled monstrosity
  8153 | D        | Received a gift from Trog
  8276 | D        | Noticed a tentacled monstrosity
  8278 | D        | Received a gift from Trog
  8280 | D        | Noticed an electric golem
  8282 | D        | Killed a tentacled monstrosity
  8282 | D        | Reached XP level 18. HP: 194/200 MP: 18/18
  8286 | D        | Received a gift from Trog
  8287 | D        | Killed an electric golem
  8287 | D        | Noticed a golden dragon
  8291 | D        | Killed a golden dragon
  8439 | D        | Noticed a tentacled monstrosity
  8439 | D        | Noticed a tentacled monstrosity
  8439 | D        | Noticed an electric golem
  8444 | D        | Killed a tentacled monstrosity
  8444 | D        | Killed a tentacled monstrosity
  8444 | D        | Received a gift from Trog
  8474 | D        | Received a gift from Trog
  8479 | D        | Killed an electric golem
  8869 | D        | Noticed an Orb Guardian
  8869 | D        | Noticed an Orb Guardian
  8869 | D        | Noticed an Orb Guardian
  8869 | D        | Noticed an Orb Guardian
  8869 | D        | Noticed an Orb Guardian
  8869 | D        | Noticed an Orb Guardian
  8873 | D        | Killed an Orb Guardian
  8885 | D        | Killed an Orb Guardian
  8889 | D        | Killed an Orb Guardian
  8894 | D        | Killed an Orb Guardian
  8894 | D        | Received a gift from Trog
  8896 | D        | Noticed an Orb Guardian
  8897 | D        | Killed an Orb Guardian
  8904 | D        | Killed an Orb Guardian
  8908 | D        | Killed an Orb Guardian
  8910 | D        | Noticed an Orb Guardian
  8911 | D        | Noticed an Orb Guardian
  8922 | D        | Killed an Orb Guardian
  8922 | D        | Received a gift from Trog
  8925 | D        | Killed an Orb Guardian
  9015 | D        | Noticed an Orb Guardian
  9015 | D        | Noticed an Orb Guardian
  9015 | D        | Noticed a tentacled monstrosity
  9018 | D        | Killed a tentacled monstrosity
  9018 | D        | Reached skill level 27 in Throwing
  9021 | D        | Received a gift from Trog
  9024 | D        | Killed an Orb Guardian
  9028 | D        | Killed an Orb Guardian
  9028 | D        | Reached skill level 27 in Dodging
  9029 | D        | Noticed an Orb Guardian
  9030 | D        | Noticed an Orb Guardian
  9032 | D        | Killed an Orb Guardian
  9032 | D        | Reached skill level 15 in Evocations
  9039 | D        | Killed an Orb Guardian
  9194 | D        | Noticed an ancient lich
  9194 | D        | Noticed an orb of fire
  9195 | D        | Paralysed by an ancient lich for 4 turns
  9210 | D        | Killed an ancient lich
  9210 | D        | Received a gift from Trog
  9215 | D        | Gained mutation: Your body sometimes deteriorates upon
                  | taking damage. [an orb of fire]
  9227 | D        | Gained mutation: You tend to lose your temper in combat.
                  | [an orb of fire]
  9228 | D        | Killed an orb of fire
  9228 | D        | Reached XP level 19. HP: 157/207 MP: 19/19
  9449 | D        | Lost mutation: You tend to lose your temper in combat.
                  | [potion of mutation]
  9449 | D        | Lost mutation: Your body sometimes deteriorates upon taking
                  | damage. [potion of mutation]
  9449 | D        | Gained mutation: You have large cloven feet. [potion of
                  | mutation]
  9449 | D        | Gained mutation: Your spells are a little harder to cast,
                  | but a little more powerful. [potion of mutation]
  9449 | D        | Gained mutation: You are robust. (+10% HP) [potion of
                  | mutation]
  9501 | D        | Noticed an electric golem
  9516 | D        | Killed an electric golem
  9541 | D        | Noticed an electric golem
  9541 | D        | Noticed an electric golem
  9541 | D        | Noticed an electric golem
  9541 | D        | Noticed an orb of fire
  9541 | D        | Noticed a Killer Klown
  9542 | D        | Noticed an ancient lich
  9545 | D        | Killed an electric golem
  9546 | D        | Noticed an orb of fire
  9546 | D        | Killed an orb of fire
  9547 | D        | Killed an electric golem
  9547 | D        | Received a gift from Trog
  9547 | D        | Killed an ancient lich
  9550 | D        | Killed an electric golem
  9550 | D        | Noticed an orb of fire
  9551 | D        | Gained mutation: You are weak. (Str -2) [an orb of fire]
  9552 | D        | Killed an orb of fire
  9554 | D        | Noticed an ancient lich
  9555 | D        | Killed an orb of fire
  9555 | D        | Reached skill level 27 in Evocations
  9559 | D        | Killed a Killer Klown
  9559 | D        | Received a gift from Trog
  9559 | D        | Reached skill level 5 in Crossbows
  9559 | D        | Reached skill level 5 in Spellcasting
  9561 | D        | Killed an ancient lich
  9649 | D        | Received a gift from Trog
  9649 | D        | Reached skill level 10 in Unarmed Combat
  9825 | D        | Reached skill level 10 in Crossbows
  9825 | D        | Reached skill level 10 in Spellcasting
  9828 | D        | Received a gift from Trog
  9837 | D        | Reached XP level 20. HP: 237/237 MP: 34/36
  9955 | D        | Reached skill level 5 in Stealth
 10068 | D        | Noticed an ancient lich
 10069 | D        | Noticed an ancient lich
 10072 | D        | Received a gift from Trog
 10073 | D        | Killed an ancient lich
 10073 | D        | Received a gift from Trog
 10073 | D        | Reached skill level 15 in Unarmed Combat
 10078 | D        | Killed an ancient lich
 10078 | D        | Received a gift from Trog
 10078 | D        | Reached skill level 15 in Crossbows
 10078 | D        | Reached skill level 10 in Stealth
 10082 | D        | Noticed an ancient lich
 10092 | D        | Killed an ancient lich
 10096 | D        | Received a gift from Trog
 10235 | D        | Received a gift from Trog
 10260 | D        | Received a gift from Trog
 10276 | D        | Received a gift from Trog
 10295 | D        | Received a gift from Trog
 10304 | D        | Received a gift from Trog
 10331 | D        | Got a translucent demon whip {god gift}
 10341 | D        | Got an elven rune of Zot
 10354 | D        | Received a gift from Trog
 10357 | D        | Reached skill level 15 in Stealth
 10377 | D        | Noticed the Royal Jelly
 10386 | D        | Killed the Royal Jelly
 10386 | D        | Reached skill level 27 in Maces & Flails
 10386 | D        | Reached XP level 21. HP: 239/246 MP: 37/37
 10397 | D        | Received a gift from Trog
 10527 | D        | Got a slimy rune of Zot
 10620 | D        | Identified the +9 demon whip of Focus {flame, +Fly rF+ rC+
                  | rN+} (Trog gifted it to you in the Dungeon)
 10625 | D        | Received a gift from Trog
 10626 | D        | Received a gift from Trog
 10641 | D        | Received a gift from Trog
 10654 | D        | Received a gift from Trog
 10737 | D        | Received a gift from Trog
 10808 | D        | Received a gift from Trog
 10809 | D        | Found the +7 great mace "Undeadhunter" {disrupt, rN+}
 10842 | D        | Received a gift from Trog
 10855 | D        | Received a gift from Trog
 11182 | D        | Noticed a greater mummy
 11182 | D        | Noticed a greater mummy
 11182 | D        | Noticed a greater mummy
 11183 | D        | Noticed a greater mummy
 11187 | D        | Killed a greater mummy
 11190 | D        | Killed a greater mummy
 11190 | D        | Received a gift from Trog
 11682 | D        | Killed a greater mummy
 11686 | D        | Killed a greater mummy
 11786 | D        | Received a gift from Trog
 12048 | D        | Noticed a greater mummy
 12059 | D        | Killed a greater mummy
 12419 | D        | Got a golden rune of Zot
 12439 | D        | Received a gift from Trog
 12455 | D        | Got an abyssal rune of Zot
 12584 | D        | Noticed Geryon
 12599 | D        | Killed Geryon
 12704 | D        | Noticed Mnoleg
 12704 | D        | Noticed Ereshkigal
 12705 | D        | Noticed Lom Lobon
 12713 | D        | Killed Mnoleg
 12732 | D        | HP: 10/246 [hellion/damnation[Ereshkigal] (28)]
 13270 | D        | Killed Ereshkigal
 13270 | D        | Received a gift from Trog
 13270 | D        | Reached XP level 22. HP: 189/256 MP: 38/38
 13271 | D        | Found the +8 whip "Snakebite" {curare, rPois}
 13515 | D        | Identified the +7 sceptre of Asmodeus
 13515 | D        | Noticed Asmodeus
 13536 | D        | Identified the +6 sword of Cerebov {flame}
 13536 | D        | Noticed Cerebov
 13540 | D        | Killed Lom Lobon
 13568 | D        | Killed from afar by Asmodeus

Illustrated notes

Levels and vault maps discovered:
D:        linesprint [early_d, line_temple, items_1, d_10, items_2, lair_1,
          lair_end, items_3, orc_1, orc_end, items_4, d_15, swamp_1, shoals_1,
          snake_1, spider_1, d_20, vaults_1, items_5, swamp_end, shoals_end,
          snake_end, spider_end, vaults_end, d_27, items_6, zot_1, zot_end,
          crypt_end, forest_end, elf_end, slime_end, tomb_end, abyss_end,
          pan_hell_end]

Skill      XL: |  1  2  3  4  5  6  7  8  9 10 11 12 13 14 15 16 17 18 19 20 21 22 |
---------------+-------------------------------------------------------------------+-----
Dodging        | 3 4 6 8 9 10 11 12 14 16 18 19 21 24 27 | 27.0
Fighting       | 4 5 8 11 12 13 15 17 19 20 22 24 27 | 27.0
Maces & Flails | 5 8 9 11 13 15 17 20 27 | 27.0
Stealth        | 1 2 3 4 16 23 24 | 24.3
Evocations     | 1 2 3 5 6 9 10 12 20 27 | 27.0
Shields        | 8 15 19 24 27 | 27.0
Throwing       | 1 3 5 7 13 22 27 | 27.0
Crossbows      | 12 18 24 | 24.9
Unarmed Combat | 13 20 25 26 | 26.3
Spellcasting   | 12 | 12.7

Action                   |  1- 3 |  4- 6 |  7- 9 | 10-12 | 13-15 | 16-18 | 19-21 | 22-24 || total
-------------------------+-------+-------+-------+-------+-------+-------+-------+-------++-------
Melee: Mace              |    18 |       |       |       |       |       |       |       ||    18
       Tailslap          |     3 |       |     6 |    32 |    45 |    65 |    25 |    11 ||   187
       Morningstar       |    13 |     8 |    36 |    93 |   293 |   331 |   112 |       ||   886
       Dire flail        |       |       |       |   101 |       |       |       |       ||   101
       Great mace        |       |       |       |    46 |       |       |    25 |       ||    71
       Demon whip        |       |       |       |       |       |       |    42 |    37 ||    79
Throw: Dart              |       |       |       |     3 |    12 |       |       |       ||    15
       Javelin           |       |       |       |       |    16 |   108 |   162 |     9 ||   295
Invok: Berserk           |     2 |     1 |     1 |     8 |     9 |     1 |     1 |     1 ||    24
       Brothers in Arms  |       |       |       |     1 |     2 |     1 |     1 |       ||     5
       Trog's Hand       |       |       |       |       |       |       |     1 |     1 ||     2
Evoke: Wand              |       |     2 |       |     6 |     1 |       |     1 |       ||    10
       Condenser vane    |       |       |       |     2 |    15 |    12 |    15 |     2 ||    46
  Use: Potion            |       |       |       |     3 |     6 |     1 |     9 |     1 ||    20
       Scroll            |       |       |       |     1 |     1 |    13 |     3 |     1 ||    19
 Stab: Distracted        |       |       |       |       |       |       |     1 |       ||     1
Armor: Skin              |    12 |     2 |     6 |    43 |    43 |    44 |    16 |     1 ||   167
Dodge: Dodged            |    25 |     6 |    15 |   139 |    95 |   118 |    59 |     2 ||   459
Block: Tower shield      |       |       |       |    56 |   227 |   263 |   161 |     7 ||   714

Table legend: (Time is in decaauts) A = Elapsed time spent in this place. B = Non-inter-level travel time spent in this place. C = Inter-level travel time spent in this place. D = Time resting spent in this place. E = Time spent auto-exploring this place. F = Levels seen in this place. G = Mean time per level. A B C D E F G +--------+--------+--------+--------+--------+-----+--------+ Total | 13179 | 13179 | 0 | 8264 | 321 | 1 | 13179.0 | Dungeon | 13179 | 13179 | 0 | 8264 | 321 | 1 | 13179.0 | +--------+--------+--------+--------+--------+-----+--------+

Top non-repeatable levels by time:
       D: 13179 daAuts
